Map: 어스름 탑

Players

llllllllllll (Scarlett) - Winner!

  • Race: Zerg Zerg
  • League: Grandmaster

llllllllllll

  • Race: Protoss Protoss
  • League: Grandmaster

VOD

Have the link to the VOD?

Description

Time

  • Played on: April 13, 2016, 1:26 a.m.
  • Length: 5:22
Show
View Real Time Build Order
Export as new Build Order

llllllllllll Zerg - Winner!

Build Orders: Hatch First 

Get SALT Encoding   

  12  0:01  Drone  
  13  0:10  Drone  
  14  0:17  Overlord  
  14  0:32  Extractor  
  14  0:33  Drone  
  15  0:36  Drone x2  
  17  0:55  Hatchery  
  17  0:57  Drone  
  17  0:59  Drone  
  18  1:06  Extractor  
  18  1:09  Drone  
  18  1:17  Spawning Pool  
  17  1:22  Drone  
  18  1:28  Drone  
  19  1:38  Overlord  
  19  2:05  Zergling x4  
  19  2:07  Metabolic Boost  
  21  2:08  Queen  
  21  2:09  Zergling x2  
  24  2:16  Spine Crawler  
  24  2:18  Spine Crawler  
  24  2:19  Zergling x2  
  23  2:26  Spine Crawler  
  23  2:29  Zergling x2  
  23  2:32  Zergling x2  
  24  2:44  Queen  
  26  2:51  Zergling x2  
  26  2:52  Zergling x2  
  28  3:09  Zergling x8  
  32  3:15  Overlord  
  32  3:21  Queen  
  32  3:24  Zergling x4  
  36  3:36  Zergling x2  
  36  3:37  Zergling x2  
  37  3:48  Zergling x4  
  39  3:58  Zergling x8  
  41  4:15  Overlord x2  
  41  4:23  Zergling x6  
  42  4:33  Queen  
  44  4:38  Zergling x2  
  44  4:39  Zergling x8  
  46  4:49  Zergling x4  
  38  5:03  Zergling x4  
Show
View Real Time Build Order
Export as new Build Order

llllllllllll Protoss 

Build Orders: 1 Gate Expand 

Get SALT Encoding   

  12  0:00  Probe (Chrono Boost)  
  13  0:11  Probe (Chrono Boost)  
  14  0:20  Pylon  
  14  0:22  Probe (Chrono Boost)  
  15  0:38  Probe (Chrono Boost)  
  15  0:40  Gateway  
  16  0:45  Assimilator  
  16  0:49  Probe (Chrono Boost)  
  17  0:59  Probe (Chrono Boost)  
  18  1:10  Probe (Chrono Boost)  
  19  1:21  Nexus  
  19  1:31  Cybernetics Core  
  19  1:34  Probe (Chrono Boost)  
  20  1:42  Assimilator  
  20  1:45  Probe (Chrono Boost)  
  21  1:53  Pylon  
  21  1:55  Probe (Chrono Boost)  
  23  2:11  Mothership Core (Chrono Boost)  
  24  2:16  Pylon  
  24  2:20  Adept  
  26  2:30  Probe (Chrono Boost)  
  27  2:40  Robotics Facility  
  27  2:42  Probe  
  28  2:49  Stalker (Chrono Boost)  
  30  3:03  Pylon x2  
  30  3:17  Cybernetics Core  
  30  3:22  Stalker (Chrono Boost)  
  32  3:33  Immortal (Chrono Boost)  
  36  3:42  Gateway  
  36  3:52  Gateway  
  34  4:04  Gateway  
  34  4:21  Immortal (Chrono Boost)  
  38  4:31  Gateway  
  38  4:33  Sentry  
  40  4:45  Pylon  
  40  4:47  Pylon  
Tags
 
Add a new tag
Caveats
  • Supply blocks, unpowered buildings, or Contaminate may cause inaccurate times.
  • Supply counts are checked every 10 seconds.